MWL (24 & UNDER)
WISCONSIN RAPIDS RANGERS @ BEMIDJI BENDERS
04/12/2023
 
TOP OF THE 1ST
Wisconsin Rapids Rangers batting - Pitching for Bemidji Benders : RHP Alberto Parra
Pitching: RHP Alberto Parra
Batting: RHB John Hursted 0-0: Ball
1-0: Fly out, F7 (Flyball, 78M)
Batting: RHB Danny Campbell 0-0: Called Strike
0-1: Fly out, F9 (Flyball, 89D)
Batting: RHB Bruce Brooks 0-0: Foul Ball, location: 2F
0-1: SINGLE (Groundball, 6M)
Batting: RHB Tom Thompson 0-0: Reached on error, E6 (Groundball, 56)
Bruce Brooks to second
Batting: RHB Kirk Powell 0-0: Called Strike
0-1: Ball
1-1: Swinging Strike
1-2: Ball
2-2: Foul Ball, location: 2F
2-2: Ball
3-2: Base on Balls
Bruce Brooks to third
Tom Thompson to second
Batting: RHB Arturo Rodríguez 0-0: Foul Ball, location: 2F
0-1: Ball
1-1: Called Strike
1-2: Strikes out swinging
Top of the 1st over - 0 run(s), 1 hit(s), 1 error(s), 3 left on base; Wisconsin Rapids 0 - Bemidji 0
BOTTOM OF THE 1ST
Bemidji Benders batting - Pitching for Wisconsin Rapids Rangers : RHP Joshua Dixon
Pitching: RHP Joshua Dixon
Batting: RHB Ángel Garza 0-0: Ground out 4-3 (Groundball, 4)
Batting: RHB Claudio Souza 0-0: Called Strike
0-1: Foul Ball, location: 2F
0-2: Ball
1-2: Strikes out looking
Batting: LHB Willie Wallace 0-0: Swinging Strike
0-1: Called Strike
0-2: Fly out, F7 (Flyball, 7M)
Bottom of the 1st over - 0 run(s), 0 hit(s), 0 error(s), 0 left on base; Wisconsin Rapids 0 - Bemidji 0
TOP OF THE 2ND
Wisconsin Rapids Rangers batting - Pitching for Bemidji Benders : RHP Alberto Parra
Batting: RHB Robert Acosta 0-0: SINGLE (Flyball, 7LS)
Batting: RHB Ray Little 0-0: Called Strike
0-1: Foul Ball, location: 2F
0-2: Ball
1-2: Ball
2-2: Foul Ball, location: 2F
2-2: Fly out, F8 (Flyball, 8RXD)
Batting: LHB Ron Robinson 0-0: Ball
1-0: Ball
Robert Acosta steals 2nd base
2-0: Foul Ball, location: 2F
2-1: Foul Ball, location: 2F
2-2: Foul Ball, location: 2F
2-2: Ball
3-2: Foul Ball, location: 2F
3-2: Base on Balls
Batting: RHB John Hursted 0-0: Foul Ball, location: 2F
0-1: Ball
1-1: Ball
2-1: Foul Ball, location: 2F
2-2: Foul Ball, location: 2F
2-2: Fielders Choice at 2nd, 4-6 (Groundball, 4)
Robert Acosta to third
Batting: RHB Danny Campbell 0-0: Called Strike
0-1: Ball
1-1: Ball
2-1: Called Strike
2-2: DOUBLE (Line Drive, 9LS)
Robert Acosta scores
John Hursted to third
Runner from 3rd tries for Home, SAFE, no throw or cutoff
Batting: RHB Bruce Brooks 0-0: Foul Ball, location: 2F
0-1: Ball
1-1: Fly out, F8 (Flyball, 8RD)
Top of the 2nd over - 2 run(s), 2 hit(s), 0 error(s), 1 left on base; Wisconsin Rapids 2 - Bemidji 0
BOTTOM OF THE 2ND
Bemidji Benders batting - Pitching for Wisconsin Rapids Rangers : RHP Joshua Dixon
Batting: SHB Rob Grun 0-0: Fly out, F7 (Line Drive, 7M)
Batting: RHB Gabriel Stout 0-0: Fly out, F5 (Popup, 5)
Batting: SHB Edgardo Osorio 0-0: Ball
1-0: Swinging Strike
1-1: Fly out, F6 (Popup, 56)
Bottom of the 2nd over - 0 run(s), 0 hit(s), 0 error(s), 0 left on base; Wisconsin Rapids 2 - Bemidji 0
TOP OF THE 3RD
Wisconsin Rapids Rangers batting - Pitching for Bemidji Benders : RHP Alberto Parra
Batting: RHB Tom Thompson 0-0: Ball
1-0: Ball
2-0: Ball
3-0: Called Strike
3-1: Fly out, F4 (Line Drive, 4M)
Batting: RHB Kirk Powell 0-0: Ground out 6-3 (Groundball, 6M)
Batting: RHB Arturo Rodríguez 0-0: Ball
1-0: Ball
2-0: Called Strike
2-1: Ball
3-1: Called Strike
3-2: Base on Balls
Batting: RHB Robert Acosta 0-0: Ball
1-0: Called Strike
1-1: Called Strike
1-2: Ball
2-2: Strikes out looking
Top of the 3rd over - 0 run(s), 0 hit(s), 0 error(s), 1 left on base; Wisconsin Rapids 2 - Bemidji 0
BOTTOM OF THE 3RD
Bemidji Benders batting - Pitching for Wisconsin Rapids Rangers : RHP Joshua Dixon
Batting: SHB José Cruz 0-0: Ball
1-0: Ball
2-0: Foul Ball, location: 2F
2-1: Ball
3-1: Swinging Strike
3-2: Base on Balls
Batting: RHB António López 0-0: Ball
1-0: Ball
2-0: Ball
3-0: Called Strike
3-1: Foul Ball, location: 2F
3-2: Strikes out swinging
José Cruz is caught stealing 2nd base
Batter strikes out.
Batting: RHB Jeff Lloyd 0-0: Called Strike
0-1: Ball
1-1: Ball
2-1: Foul Ball, location: 2F
2-2: Foul Ball, location: 2F
2-2: Ball
3-2: SINGLE (Groundball, 4M)
Batting: RHB Ángel Garza 0-0: Ball
1-0: Ground out U3 (Groundball, 3)
Bottom of the 3rd over - 0 run(s), 1 hit(s), 0 error(s), 1 left on base; Wisconsin Rapids 2 - Bemidji 0
TOP OF THE 4TH
Wisconsin Rapids Rangers batting - Pitching for Bemidji Benders : RHP Alberto Parra
Batting: RHB Ray Little 0-0: Called Strike
0-1: Ball
1-1: Swinging Strike
1-2: Reached on Error, E5 (Line Drive, 5)
Batting: LHB Ron Robinson 0-0: Swinging Strike
0-1: Swinging Strike
0-2: Ball
1-2: Foul Ball, location: 2F
1-2: Ball
2-2: Foul Ball, location: 2F
2-2: Strikes out swinging
Batting: RHB John Hursted 0-0: Called Strike
0-1: Called Strike
0-2: Strikes out swinging
Batting: RHB Danny Campbell 0-0: Ball
1-0: Called Strike
1-1: Ball
2-1: Foul Ball, location: 2F
2-2: Fly out, F9 (Flyball, 89S)
Top of the 4th over - 0 run(s), 0 hit(s), 1 error(s), 1 left on base; Wisconsin Rapids 2 - Bemidji 0
BOTTOM OF THE 4TH
Bemidji Benders batting - Pitching for Wisconsin Rapids Rangers : RHP Joshua Dixon
Batting: RHB Claudio Souza 0-0: Called Strike
0-1: Ball
1-1: Foul Ball, location: 2F
1-2: Ground out 5-3 (Groundball, 5S)
Batting: LHB Willie Wallace 0-0: Ball
1-0: Swinging Strike
1-1: Foul Ball, location: 2F
1-2: SINGLE (Groundball, 34)
Batting: SHB Rob Grun 0-0: Called Strike
0-1: Foul Ball, location: 2F
0-2: Strikes out looking
Batting: RHB Gabriel Stout 0-0: Foul Ball, location: 2F
0-1: Ball
1-1: Called Strike
1-2: Ball
2-2: Strikes out swinging
Bottom of the 4th over - 0 run(s), 1 hit(s), 0 error(s), 1 left on base; Wisconsin Rapids 2 - Bemidji 0
TOP OF THE 5TH
Wisconsin Rapids Rangers batting - Pitching for Bemidji Benders : RHP Alberto Parra
Pitching: LHP António Martínez
Batting: RHB Bruce Brooks 0-0: Ball
1-0: Ball
2-0: Called Strike
2-1: Ground out 6-3 (Groundball, 6)
Batting: RHB Tom Thompson 0-0: Called Strike
0-1: Ball
1-1: Foul Ball, location: 2F
1-2: Ball
2-2: Ball
3-2: Strikes out looking
Batting: RHB Kirk Powell 0-0: Called Strike
0-1: Foul Ball, location: 2F
0-2: Ball
1-2: Strikes out looking
Top of the 5th over - 0 run(s), 0 hit(s), 0 error(s), 0 left on base; Wisconsin Rapids 2 - Bemidji 0
BOTTOM OF THE 5TH
Bemidji Benders batting - Pitching for Wisconsin Rapids Rangers : RHP Joshua Dixon
Batting: SHB Edgardo Osorio 0-0: Ball
1-0: Ball
2-0: Ball
3-0: Called Strike
3-1: Fly out, F8 (Popup, 89S)
Batting: SHB José Cruz 0-0: Ball
1-0: DOUBLE (Line Drive, 9LM)
Batting: RHB António López 0-0: Called Strike
0-1: Called Strike
0-2: Ball
1-2: Ball
2-2: Strikes out swinging
Batting: RHB Jeff Lloyd 0-0: Ball
Wild Pitch!
José Cruz to third
1-0: Ball
Wild Pitch!
José Cruz scores
2-0: Called Strike
2-1: Ball
3-1: Called Strike
3-2: Foul Ball, location: 2F
3-2: Strikes out looking
Bottom of the 5th over - 1 run(s), 1 hit(s), 0 error(s), 0 left on base; Wisconsin Rapids 2 - Bemidji 1
TOP OF THE 6TH
Wisconsin Rapids Rangers batting - Pitching for Bemidji Benders : LHP António Martínez
Batting: RHB Arturo Rodríguez 0-0: Foul Ball, location: 2F
0-1: Foul Ball, location: 2F
0-2: Strikes out looking
Batting: RHB Robert Acosta 0-0: Called Strike
0-1: Called Strike
0-2: Strikes out swinging
Batting: RHB Ray Little 0-0: Called Strike
0-1: SINGLE (Groundball, 34D) (infield hit)
Batting: LHB Ron Robinson 0-0: Foul Ball, location: 2F
0-1: Fielders Choice at 2nd, U6 (Groundball, 6M)
Top of the 6th over - 0 run(s), 1 hit(s), 0 error(s), 1 left on base; Wisconsin Rapids 2 - Bemidji 1
BOTTOM OF THE 6TH
Bemidji Benders batting - Pitching for Wisconsin Rapids Rangers : RHP Joshua Dixon
Batting: RHB Ángel Garza 0-0: Foul Ball, location: 2F
0-1: Called Strike
0-2: Fly out, F7 (Flyball, 7M)
Batting: RHB Claudio Souza 0-0: Fly out, F4 (Popup, 4MD)
Batting: LHB Willie Wallace 0-0: Called Strike
0-1: Ground out 1-3 (Groundball, 13)
Bottom of the 6th over - 0 run(s), 0 hit(s), 0 error(s), 0 left on base; Wisconsin Rapids 2 - Bemidji 1
TOP OF THE 7TH
Wisconsin Rapids Rangers batting - Pitching for Bemidji Benders : LHP António Martínez
Pitching: RHP Cristián Torres
Batting: RHB John Hursted 0-0: Ball
1-0: SINGLE (Groundball, 6MD)
Pinch Hitting: LHB Ramón Córdova 0-0: Ball
1-0: Ball
2-0: Sac Bunt - play at first, batter OUT! 1-4
John Hursted to second
Batting: RHB Bruce Brooks 0-0: Ball
1-0: Ground out 5-3 (Groundball, 56)
Batting: RHB Tom Thompson 0-0: Called Strike
0-1: Ball
1-1: Foul Ball, location: 2F
1-2: Strikes out swinging
Top of the 7th over - 0 run(s), 1 hit(s), 0 error(s), 1 left on base; Wisconsin Rapids 2 - Bemidji 1
BOTTOM OF THE 7TH
Bemidji Benders batting - Pitching for Wisconsin Rapids Rangers : RHP Joshua Dixon
Now at 1B: Ramón Córdova
Batting: SHB Rob Grun 0-0: TRIPLE (Flyball, 9D)
Pinch Hitting: LHB Manuel Aguilar 0-0: Called Strike
0-1: Called Strike
0-2: Ball
1-2: Ball
2-2: Ball
3-2: Base on Balls
Pitching: RHP Ramiro Maestas
Pinch Hitting: LHB Pedro Cerda 0-0: Ball
1-0: Ball
2-0: Ball
3-0: Called Strike
3-1: Ground out 4-3 (Groundball, 4)
Manuel Aguilar to second
Pitching: LHP Russell Neal
Pinch Hitting: RHB Alfredo López 0-0: Ball
Wild Pitch!
Rob Grun scores
Manuel Aguilar to third
1-0: Intentional Walk
Pitching: LHP Jorge Martínez
Batting: RHB António López 0-0: Ball
1-0: Called Strike
1-1: Grounds into double play, 6-4-3 (Groundball, 6)
Bottom of the 7th over - 1 run(s), 1 hit(s), 0 error(s), 1 left on base; Wisconsin Rapids 2 - Bemidji 2
TOP OF THE 8TH
Wisconsin Rapids Rangers batting - Pitching for Bemidji Benders : RHP Cristián Torres
Now at 2B: Pedro Cerda
Now in LF: Manuel Aguilar
Now in CF: Alfredo López
Batting: RHB Kirk Powell 0-0: Called Strike
0-1: SOLO HOME RUN (Flyball, 7LD), Distance : 360 ft
Batting: RHB Arturo Rodríguez 0-0: Ball
1-0: Foul Ball, location: 2F
1-1: Swinging Strike
1-2: Strikes out looking
Batting: RHB Robert Acosta 0-0: Ball
1-0: Ball
2-0: Called Strike
2-1: Called Strike
2-2: Strikes out swinging
Batting: RHB Ray Little 0-0: Ball
1-0: Called Strike
1-1: Ball
2-1: Foul Ball, location: 2F
2-2: Foul Ball, location: 2F
2-2: Strikes out swinging
Top of the 8th over - 1 run(s), 1 hit(s), 0 error(s), 0 left on base; Wisconsin Rapids 3 - Bemidji 2
BOTTOM OF THE 8TH
Bemidji Benders batting - Pitching for Wisconsin Rapids Rangers : LHP Jorge Martínez
Batting: RHB Jeff Lloyd 0-0: Ball
1-0: Fly out, F9 (Popup, 9S)
Batting: RHB Ángel Garza 0-0: Called Strike
0-1: Ball
1-1: Swinging Strike
1-2: Ball
2-2: Strikes out looking
Batting: RHB Claudio Souza 0-0: Ball
1-0: Fly out, F7 (Flyball, 7LSF)
Bottom of the 8th over - 0 run(s), 0 hit(s), 0 error(s), 0 left on base; Wisconsin Rapids 3 - Bemidji 2
TOP OF THE 9TH
Wisconsin Rapids Rangers batting - Pitching for Bemidji Benders : RHP Cristián Torres
Batting: LHB Ron Robinson 0-0: Ball
1-0: Ball
2-0: Swinging Strike
2-1: Ball
3-1: Base on Balls
Batting: RHB John Hursted 0-0: Bunt missed!
0-1: Bunted foul
0-2: Ball
1-2: Ball
2-2: SINGLE (Groundball, 56D)
Ron Robinson to second
Batting: LHB Ramón Córdova 0-0: Bunted foul
0-1: Bunted foul
0-2: Ball
1-2: Strikes out swinging
Pitching: RHP Dave Hammond
Batting: RHB Bruce Brooks 0-0: Called Strike
0-1: Ball
1-1: Fly out, F8 (Flyball, 8RS)
Batting: RHB Tom Thompson 0-0: SINGLE (Groundball, 5D)
Ron Robinson to third
John Hursted to second
Runner from 3rd tries for Home, SAFE, no throw or cutoff
Batting: RHB Kirk Powell 0-0: Called Strike
0-1: Foul Ball, location: 2F
0-2: Strikes out looking
Top of the 9th over - 1 run(s), 2 hit(s), 0 error(s), 2 left on base; Wisconsin Rapids 4 - Bemidji 2
BOTTOM OF THE 9TH
Bemidji Benders batting - Pitching for Wisconsin Rapids Rangers : LHP Jorge Martínez
Batting: LHB Willie Wallace 0-0: Ball
1-0: Ball
2-0: Foul Ball, location: 2F
2-1: Reached on error, E6 (Groundball, 6M)
Batting: SHB Rob Grun 0-0: Ball
1-0: Ball
2-0: Called Strike
2-1: Ball
3-1: Grounds into double play, 6-4-3 (Groundball, 6)
Batting: LHB Manuel Aguilar 0-0: Ball
1-0: Ball
2-0: Ball
3-0: Base on Balls
Batting: LHB Pedro Cerda 0-0: Ball
1-0: Ball
2-0: Ball
3-0: Base on Balls
Manuel Aguilar to second
Batting: RHB Alfredo López 0-0: Ball
1-0: Ball
2-0: Called Strike
2-1: Foul Ball, location: 2F
2-2: Foul Ball, location: 2F
2-2: Foul Ball, location: 2F
2-2: Ball
3-2: Strikes out swinging
Bottom of the 9th over - 0 run(s), 0 hit(s), 1 error(s), 2 left on base; Wisconsin Rapids 4 - Bemidji 2
This league is powered by Out of the Park Baseball, the baseball management simulation game for PC, Mac and Linux
Wednesday, December 2nd, 2015 - OOTP Baseball 16.8 Build 38